 Dungeon Crawl Stone Soup version 0.23.2 (webtiles) character file.

Game seed: 15393942787142989632

276 Gadfly the Grave Robber (level 6, -7/48 HPs)
             Began as a Draconian Necromancer on Apr 12, 2019.
             Mangled by an ogre
             ... wielding a +0 giant spiked club
              (27 damage)
             ... on level 4 of the Dungeon.
             The game lasted 00:04:27 (2989 turns).

Gadfly the Grave Robber (Draconian Necromancer)     Turns: 2989, Time: 00:04:28

Health: -7/48      AC:  7    Str: 10    XL:     6   Next: 4%
Magic:  11/11      EV: 13    Int: 17    God:
Gold:   122        SH:  0    Dex: 12    Spells: 0/11 levels left

rFire    . . .     SeeInvis .   b - +2 dagger (venom)
rCold    . . .     Gourm    .   (no shield)
rNeg     . . .     Faith    .   (armour unavailable)
rPois    .         Spirit   .   (helmet restricted)
rElec    .         Reflect  .   (no cloak)
rCorr    .         Harm     .   l - +0 pair of gloves
MR       .....                  (no boots)
Stlth    ++........             (no amulet)
HPRegen  0.16/turn              (no ring)
MPRegen  0.12/turn              (no ring)

@: no status effects
A: unfitting armour, cold-blooded, AC +6
a: no special abilities


You were on level 4 of the Dungeon.
You were hungry.

You visited 1 branch of the dungeon, and saw 4 of its levels.

You collected 122 gold pieces.

Inventory:

Hand Weapons
 a - a +1 flail
 b - a +2 dagger of venom (weapon)
Armour
 l - a +0 pair of gloves (worn)
Scrolls
 c - a scroll of enchant armour
 f - a scroll of identify
Potions
 j - 2 potions of might
 n - a potion of brilliance
 o - a potion of ambrosia
Comestibles
 e - 5 rations


   Skills:
 + Level 2.1 Fighting
 + Level 1.8 Maces & Flails
 * Level 3.0 Dodging
 - Level 1.7 Stealth
 * Level 3.4 Spellcasting
 * Level 5.0 Necromancy


You couldn't memorise any spells.
You knew the following spells:

 Your Spells              Type           Power        Failure   Level  Hunger
a - Pain                  Necr           ###.         1%          1    None
b - Vampiric Draining     Necr           ###.......   6%          3    ###....
c - Regeneration          Chrm/Necr      ##........   19%         3    ###....
d - Animate Dead          Necr           N/A          21%         4    ####...

Your spell library contained the following spells:

 Spells                   Type           Power        Failure   Level  Hunger
 Animate Skeleton         Necr           N/A          1%          1    None


Dungeon Overview and Level Annotations

Branches:
Dungeon (4/15)
 Temple: D:4-7

Altars:
Ashenzari
Xom
Yredelemnul


Innate Abilities, Weirdness & Mutations

Your plain brown scales are hard. (AC +6)
You cannot fit into any form of body armour.
You are cold-blooded and may be slowed by cold attacks.


Message History

You are no longer poisoned.
You start resting.
HP restored.
This spell is slightly dangerous to cast.
Memorise Animate Dead, consuming 4 spell levels and leaving 0?
You start memorising the spell.
You continue memorising. x4
You finish memorising.
Spell assigned to 'd'.
Found a stone staircase leading down and a stone staircase leading up.
An ogre comes into view. It is wielding a +0 giant spiked club.
An ogre is nearby!
The ogre shouts!
A centaur skeleton comes into view.
The ogre hits you with a +0 giant spiked club.
There is a stone staircase leading down here.
You barely miss the ogre.
The ogre hits you with a +0 giant spiked club!!
You hit the ogre but do no damage.
The ogre is poisoned.
The ogre hits you with a +0 giant spiked club!!
Ouch! That really hurt!
You die...

### .. ... .. #.# #.
#.# #.##.# #
#####.##.# ...
...#.##.####.....
#####.#.#...@OZ.....
#........#####....##
#................^.#
#..................#
#........####... ..#
#.........>..... ..
................# .
.........######.#....
.. .........#
#.#.#... #.


You could see an ogre and a centaur skeleton.

Vanquished Creatures
  A human (D:3)
  A worker ant (D:4)
  4 adders
  2 oozes (D:1)
  2 worms
  2 dart slugs
  A leopard gecko (D:3)
  An orc (D:3)
  A giant cockroach (D:1)
  9 goblins
  8 hobgoblins
  A quokka (D:3)
  11 bats
  5 frilled lizards
  6 kobolds
  A kobold skeleton (D:3)
  10 rats
66 creatures vanquished.

Notes
Turn   | Place    | Note
-------+----------+-------------------------------------------
     0 | D:1      | Gadfly the Draconian Necromancer began the quest for the
                  | Orb.
     0 | D:1      | Reached XP level 1. HP: 14/14 MP: 3/3
   176 | D:1      | Reached XP level 2. HP: 19/22 MP: 5/5
  1039 | D:1      | Reached skill level 1 in Fighting
  1039 | D:1      | Reached XP level 3. HP: 28/28 MP: 6/6
  1173 | D:1      | Learned a level 3 spell: Vampiric Draining
  1177 | D:1      | Learned a level 3 spell: Regeneration
  1428 | D:2      | Found a shimmering altar of Xom.
  1657 | D:2      | Reached skill level 1 in Maces & Flails
  1657 | D:2      | Reached XP level 4. HP: 35/35 MP: 8/8
  2290 | D:3      | Found a runed translucent door.
  2290 | D:3      | Noticed a human
  2295 | D:3      | Found a basalt altar of Yredelemnul.
  2310 | D:3      | Killed a human
  2310 | D:3      | Reached skill level 5 in Necromancy
  2310 | D:3      | Reached XP level 5. HP: 37/41 MP: 5/10
  2357 | D:3      | Found a shattered altar of Ashenzari.
  2886 | D:4      | Reached XP level 6. HP: 39/48 MP: 11/11
  2979 | D:4      | Learned a level 4 spell: Animate Dead
  2989 | D:4      | Mangled by an ogre

Skill      XL: |  1  2  3  4  5 |
---------------+----------------+-----
Dodging        | 2 3 |  3.0
Fighting       | 1 2 |  2.1
Maces & Flails | 1 |  1.8
Spellcasting   | 3 |  3.4
Necromancy     | 5 |  5.0
Stealth        | |  1.7

Action                   |  1- 3 |  4- 6 || total
-------------------------+-------+-------++-------
Melee: Club              |    42 |       ||    42
       Tailslap          |    14 |     9 ||    23
       Unarmed           |     2 |       ||     2
       Dagger            |    89 |    99 ||   188
 Cast: Vampiric Draining |       |     1 ||     1
  Use: Scroll            |     1 |     8 ||     9
 Stab: Sleeping          |     4 |     6 ||    10
  Eat: Chunk             |     2 |     4 ||     6
Armor: Skin              |    46 |    22 ||    68
Dodge: Dodged            |    92 |    41 ||   133
